Unix NetHack Version 3.7.0-50 Work-in-progress - last build Feb 16 2022 05:10:45. Game began 2022-02-16 16:34:22, ended 2022-02-16 17:15:54. greg, lawful female human Valkyrie -------- |......| -------------- ------------- |......| ------------ |.............## |....>.......# #.......| |.+[.......| |............| #####|...........|# #|......| |))).(....+| |............|# #|...........|# ##|......| |e.....@@?.| |............| #|...........|# # |......| |.[*...k@Z.| --.--------.-- #--.----|-----# ## -------- -|---------- # ## # ## # # ## ### `### # ## # ######## # # # # ## ############ # #--.---# -.---------.-- --------.--.--- #|....|# |............| |...<.........| #-.....# |............| |.............| |....| |............| |.............| |....| |......>.....| |.............| ------ -------------- --------------- Greg the Skirmisher St:18/02 Dx:15 Co:15 In:8 Wi:10 Ch:9 Lawful S:1317 Dlvl:2 $:653 HP:0(41) Pw:15(15) AC:4 Xp:5/179 T:2789 Hallu Latest messages: The paper golem bites! The tiger misses! The acid blob misses! The human mummy misses the ogre lady. The Ent misses the rodent of unusual size. You hear Ebenezer Scrooge! You see here a werejackal corpse (for sale, 7 credit chits). The elf-queen bites! The demilich misses! The rothe misses the baby red dragon. The cardboard golem rattles! You hit the forest centaur! The meeple bites! The killer bee misses! The spherical cow bites! The homunculus misses the lag monster. The Elvenqueen misses the couatl. The wraith ululates! You kill the poor black pudding! You hear the studio audience applaud! The mock role bites! The human mummy bites! The red mold bites! You miss the heisenbug. The dwarf zombie bites! The shocking sphere bites! The fog cloud bites! The gnome bites! The ceiling cat bites! You kill the pit fiend! The tengu misses! The baby balky dragon misses! The kestrel misses! The electric giraffe bites! What do you want to zap? [g or ?*] g In what direction? . The gold dragon bites! Evil Iggy bites! The kobold lord bites! The disenchanter bites! Are you sure you want to pray? [yn] (n) y You begin praying to Tyr. The skvader bites! You die... Brienz gratefully inherits all your possessions. Do you want to see what you had when you died? [ynq] (y) y Do you want to see your attributes? [ynq] (y) y Do you want an account of creatures vanquished? [ynaq] (y) y Do you want to see your conduct and achievements? [ynq] (y) y Do you want to see the dungeon overview? [ynq] (y) y Major events: Turn 1: greg the lawful human Valkyrie entered the dungeon 1: hit with a wielded weapon for the first time 1: killed for the first time 92: became literate by engraving "dust" 497: entered new level 2, The Dungeons of Doom 547: ate for the first time - newt corpse 547: consumed animal products for the first time, by eating a newt corpse 660: gained experience level 2 763: entered a shop 786: entered new level 3, The Dungeons of Doom 860: rejected atheism with a prayer 1133: attained the rank of Skirmisher (level 3) 1804: gained experience level 4 2185: gained experience level 5 2785: murdered her faithful little dog Inventory: Coins $ - 653 gold pieces Weapons p - 3 +0 darts I - 12 +0 darts b - a +0 dagger (alternate weapon; not wielded) h - a +0 club a - a +0 long sword (weapon in hand) Armor c - an uncursed +0 small shield (being worn) n - an uncursed +0 chain mail (being worn) Comestibles e - 2 uncursed food rations f - an uncursed tripe ration Scrolls i - an uncursed scroll of blank paper m - an uncursed scroll of blank paper r - an uncursed scroll of blank paper z - an uncursed scroll of blank paper Rings o - an uncursed ring of teleportation Wands g - a wand of cancellation (0:3) Tools q - an uncursed leash Gems/Stones j - an uncursed worthless piece of blue glass k - an uncursed worthless piece of green glass l - an uncursed worthless piece of yellowish brown glass Greg the Valkyrie's attributes: Background: You were a Skirmisher, a level 5 human Valkyrie. You were lawful, on a mission for Tyr who was opposed by Odin (neutral) and Loki (chaotic). You were in the Dungeons of Doom, on level 2. You entered the dungeon 2789 turns ago. There was a full moon in effect when your adventure ended. You had 179 experience points, 141 more were needed to attain level 6. Your score was 1317 before end-of-game adjustments. Basics: You had 0 out of 41 hit points. You had all 15 energy points (spell power). Your armor class was 4. Your wallet contained 653 cubits. Autopickup was on, but temporarily disabled while inside the shop. Final Characteristics: Your strength was 18/02 (limit:18/100). Your dexterity was 15 (limit:18). Your constitution was 15 (limit:18). Your intelligence was 8 (limit:18). Your wisdom was 10 (limit:18). Your charisma was 9 (limit:18). Final Status: You were hallucinating. You were not hungry. You were unencumbered. You were wielding a long sword. You had basic skill with long sword. Final Attributes: You were fervently aligned. You were cold resistant. You were stealthy. You were warded. You are dead. Miscellaneous: You never encountered a bones level. Total elapsed playing time was 41 minutes and 30 seconds. Vanquished creatures: a small mimic a shrieker a little dog a wererat 2 werejackals an iguana a gas spore a gnome zombie 3 geckos 2 jackals a fox 2 kobolds a goblin 4 sewer rats 3 grid bugs 3 lichens a kobold zombie 10 newts 39 creatures vanquished. No species were genocided or became extinct. Voluntary challenges: You read items or engraved 1 time. You never engraved Elbereth. You never genocided any monsters. You never polymorphed an object. You never changed form. You used no wishes. Achievements: You entered a shop. You attained the rank of Skirmisher. The Dungeons of Doom: levels 1 to 3 Level 1: A fountain. Level 2: <- You were here. A potion shop. Final resting place for you, killed by a hallucinogen-distorted jackal, while praying. Level 3: A fountain. Game over: ---------- / \ / REST \ / IN \ / PEACE \ / \ | greg | | 653 Au | | killed by a | | hallucinogen-dis | | torted jackal | | | | 2022 | *| * * * | * _________)/\\_//(\/(/\)/\//\/|_)_______ Farvel greg the Valkyrie... You died in The Dungeons of Doom on dungeon level 2 with 1252 points, and 653 pieces of gold, after 2789 moves. You were level 5 with a maximum of 41 hit points when you died.